 Dungeon Crawl Stone Soup version 0.20.0 (webtiles) character file.

294 Eucla the Chopper (level 6, 0/84 HPs)
             Began as a Hill Orc Monk on May 31, 2017.
             Was a Believer of Trog.
             Slain by Sigmund
             ... wielding a +2 scythe of pain
              (2 damage)
             ... on level 5 of the Dungeon.
             The game lasted 00:02:41 (3145 turns).

Eucla the Chopper (Hill Orc Monk)                   Turns: 3145, Time: 00:02:41

Health: 0/84       AC:  6    Str: 20    XL:     6   Next: 34%
Magic:  6/6        EV: 12    Int: 10    God:    Trog [**....]
Gold:   226        SH:  0    Dex: 14    Spells: 5/5 levels left

rFire    . . .     SeeInvis .   x - +2 hand axe (flame)
rCold    . . .     Gourm    .   (no shield)
rNeg     . . .     Faith    .   m - +0 ring mail
rPois    .         Spirit   .   (no helmet)
rElec    .         Reflect  .   (no cloak)
rCorr    .         Harm     .   (no gloves)
MR       ++...                  p - +0 pair of boots
Stlth    ..........             (no amulet)
Regen    1.3/turn               y - ring of loudness (curse)
MPRegen  0.1/turn               (no ring)

@: berserking, regenerating, very quick
A: no striking features
a: Berserk, Trog's Hand, Burn Spellbooks, Renounce Religion


You were on level 5 of the Dungeon.
You worshipped Trog.
Trog was pleased with you.
You were very hungry.

You visited 1 branch of the dungeon, and saw 5 of its levels.

You collected 226 gold pieces.

Inventory:

Hand Weapons
 a - a +0 hand axe
 x - a +2 hand axe of flaming (weapon)
Armour
 b - a +0 robe
 m - a +0 ring mail (worn)
 p - a +0 pair of boots (worn)
Jewellery
 w - an uncursed ring of ice
 y - a cursed ring of loudness (left hand)
Scrolls
 e - 7 scrolls of identify {unknown}
 f - a scroll of random uselessness {unknown}
 g - 7 scrolls of teleportation {unknown}
 h - 2 scrolls of blinking {unknown}
 i - a scroll of recharging {unknown}
 k - 2 scrolls of immolation {unknown}
 l - 3 scrolls of enchant armour {unknown}
 n - 2 scrolls of noise {unknown}
 o - 2 scrolls of amnesia {unknown}
 r - a scroll of fear {unknown}
 s - a scroll of magic mapping {unknown}
 B - a scroll of enchant weapon {unknown}
Potions
 d - a potion of cancellation {unknown}
 j - 2 potions of curing {unknown}
 q - a potion of ambrosia {unknown}
 u - 2 potions of flight {unknown}
 v - a potion of brilliance {unknown}
 z - a potion of heal wounds {unknown}
 A - a potion of agility {unknown}
Comestibles
 c - 4 bread rations
 t - 3 meat rations


   Skills:
 + Level 5.6 Fighting
 * Level 7.7 Axes
 - Level 2.4 Dodging
 - Level 1.5 Stealth


You had 5 spell levels left.
You didn't know any spells.

Dungeon Overview and Level Annotations

Branches:
Dungeon (5/15)             Temple (0/1) D:5

Altars:
Cheibriados
Kikubaaqudgha
Makhleb
Nemelex Xobeh
Trog
Zin
The Shining One

Annotations:
D:5 Sigmund


Message History

Your experience leads to an increase in your attributes!
Your base attributes are Str 15, Int 10, Dex 13.
Increase (S)trength, (I)ntelligence, or (D)exterity?
You feel agile. Something hits you.
* * * LOW HITPOINT WARNING * * *
You writhe in agony.
* * * LOW HITPOINT WARNING * * *
Things that are here:
an uncursed shortbow; 12 arrows; a centaur corpse You closely miss something.
Something hits you.
* * * LOW HITPOINT WARNING * * *
You writhe in agony.
* * * LOW HITPOINT WARNING * * *
You slash something! You burn something. You miss something.
You slash something! You burn something. Something hits you!
* * * LOW HITPOINT WARNING * * *
You writhe in agony.
You die...

###.##.##.#.###..#.#
.##.##.#>...# #....#
.##.##.#..#.###..###
.##.##.........#(#
.##...........##(#
..........##.###(#######
..........##....(.......
..##############(#######
... #@# #.8. #{# ....
#.# 8.>.8 ..! ..... ..#
#..# #..# #..#


There were no monsters in sight!

Vanquished Creatures
  A centaur (D:5)
  A scorpion (D:4)
  A jelly (D:3)
  3 worker ants (D:4)
  An adder (D:2)
  A dart slug (D:3)
  4 leopard geckos
  3 orcs (D:3)
  A ball python (D:1)
  4 giant cockroaches
  6 goblins
  11 hobgoblins
  4 bats
  2 frilled lizards
  4 kobolds
  3 rats (D:1)
50 creatures vanquished.

Notes
Turn   | Place    | Note
-------+----------+-------------------------------------------
     0 | D:1      | Eucla the Hill Orc Monk began the quest for the Orb.
     0 | D:1      | Reached XP level 1. HP: 19/19 MP: 1/1
   242 | D:1      | Reached XP level 2. HP: 27/27 MP: 2/2
   908 | D:1      | Reached skill level 5 in Axes
  1044 | D:2      | Reached XP level 3. HP: 19/33 MP: 3/3
  1330 | D:2      | Found a bloodstained altar of Trog.
  1337 | D:2      | Became a worshipper of Trog the Wrathful
  1337 | D:2      | Reached * piety under Trog
  1337 | D:2      | Reached ** piety under Trog
  2084 | D:3      | Found a glowing golden altar of the Shining One.
  2088 | D:3      | Reached XP level 4. HP: 40/41 MP: 4/4
  2225 | D:3      | Reached skill level 6 in Axes
  2417 | D:4      | Reached XP level 5. HP: 42/47 MP: 5/5
  2518 | D:4      | Reached skill level 5 in Fighting
  2555 | D:4      | Found a snail-covered altar of Cheibriados.
  2577 | D:4      | Found a sparkling altar of Nemelex Xobeh.
  2659 | D:4      | Found a glowing silver altar of Zin.
  2683 | D:4      | Found an ancient bone altar of Kikubaaqudgha.
  2739 | D:4      | Reached skill level 7 in Axes
  3041 | D:4      | Found a burning altar of Makhleb.
  3041 | D:4      | Noticed a cacodemon
  3044 | D:4      | Noticed a hellwing
  3044 | D:4      | Noticed a hellwing
  3051 | D:5      | Entered Level 5 of the Dungeon
  3110 | D:5      | Found a staircase to the Ecumenical Temple.
  3131 | D:5      | Noticed a centaur
  3133 | D:5      | Noticed Sigmund
  3140 | D:5      | Killed a centaur
  3140 | D:5      | Reached XP level 6. HP: 12/56 MP: 6/6
  3145 | D:5      | HP: 2/84 [something (7)]
  3145 | D:5      | Slain by Sigmund

Skill      XL: |  1  2  3  4  5 |
---------------+----------------+-----
Axes           | 5 6 7 |  7.7
Fighting       | 4 5 |  5.6
Dodging        | |  2.4
Stealth        | |  1.5

Action                   |  1- 3 |  4- 6 || total
-------------------------+-------+-------++-------
Melee: Hand axe          |   138 |    47 ||   185
Invok: Berserk           |       |     1 ||     1
       Trog's Hand       |       |     1 ||     1
 Stab: Sleeping          |     3 |       ||     3
  Eat: Chunk             |     3 |     2 ||     5
       Royal jelly       |       |     1 ||     1
Armor: Robe              |     7 |       ||     7
       Ring mail         |    26 |    12 ||    38
Dodge: Dodged            |    91 |    16 ||   107
